AoeStats
← Froduko

Black Forest

510306755Analyzed
4v4 RM · 2d ago on Sep 30, 2026· 41m 55s· 8 players
Game mode
Random Map
Map size
Large (8 player)
Population
200
Speed
Normal
Resources
Standard
Victory
Conquest
Starting age
Dark Age
Ending age
Imperial Age
RankedLock teamsTeams togetherTeam positionsShared explorationLock speedFull tech treeHidden civsTurbo modeCheats
Victory
Defeat
🇹🇼 Persians · Taiwan
1005
+15
🇪🇸 Teutons · Spain
982
+16
🇨🇳 Saracens · China
970
+17
🇨🇳 Poles · China
956
+17
🇬🇧 Byzantines · United Kingdom
1028
-18
🇪🇪 Dravidians · Estonia
1005
-17
🇳🇱 Mongols · Netherlands
980
-16
🇲🇽 Sicilians · Mexico
924
-14
Froduko
2:02 Loom
11:55 Feudal Age
15:29 Town Watch
18:18 Castle Age
16:24 Double-Bit Axe
21:10 Bow Saw
27:37 Town Patrol
31:24 Forging
31:14 Scale Mail Armor
31:08 Pikeman
31:49 Squires
33:43 Wheelbarrow
35:28 Hand Cart
36:13 Horse Collar
39:29 Imperial Age
40:25 Gold Mining
40:26 Stone Mining
給你舒服
1:09 Loom
13:39 Feudal Age
14:23 Double-Bit Axe
14:35 Horse Collar
19:40 Castle Age
17:44 Gold Mining
26:41 Wheelbarrow
26:51 Wheelbarrow
28:34 Bow Saw
28:47 Fletching
29:15 Crossbowman
30:06 Bodkin Arrow
31:41 Thumb Ring
35:14 Imperial Age
33:23 Kamandaran
34:49 Padded Archer Armor
34:55 Scale Barding Armor
35:40 Bloodlines
38:27 Chain Barding Armor
39:34 Ballistics
38:42 Elite War Elephant
42:13 Chemistry
41:36 Hand Cart
42:25 Husbandry
等你下钟
0:44 Loom
9:51 Feudal Age
10:17 Double-Bit Axe
10:59 Fishing Lines
11:46 Horse Collar
15:57 Stone Mining
16:01 Gold Mining
16:47 Fishing Lines
18:56 Wheelbarrow
21:08 Castle Age
19:24 Stone Mining
23:14 Heavy Plow
23:30 Bow Saw
25:37 Wheelbarrow
26:00 Gold Shaft Mining
25:43 Forging
25:39 Scale Barding Armor
26:19 Gillnets
29:14 Imperial Age
27:05 Hand Cart
28:10 Hand Cart
31:47 Elite Mameluke
32:47 Conscription
35:24 Caravan
35:54 Coinage
39:11 Iron Casting
zcy2825309606
7:24 Loom
11:56 Feudal Age
12:40 Double-Bit Axe
20:23 Castle Age
18:36 Horse Collar
18:40 Fishing Lines
22:40 Bow Saw
24:32 Wheelbarrow
25:06 Heavy Plow
25:13 Stone Mining
25:14 Gold Mining
26:42 Stone Shaft Mining
26:25 Hand Cart
25:57 Town Watch
32:20 Imperial Age
31:08 Caravan
31:40 Coinage
32:01 Bloodlines
31:51 Husbandry
32:08 Forging
32:05 Scale Barding Armor
33:38 Crop Rotation
33:52 Banking
34:02 Iron Casting
32:59 Cavalier
33:57 Onager
35:04 Caravan
36:13 Blast Furnace
35:34 Chain Barding Armor
35:06 Fletching
35:16 Padded Archer Armor
35:41 Ballistics
35:17 Heavy Mounted Crossbowman
36:17 Szlachta Privileges
36:34 Conscription
41:20 Chemistry
biodude
1:07 Loom
12:14 Feudal Age
15:59 Double-Bit Axe
20:22 Castle Age
19:33 Town Watch
19:41 Horse Collar
21:57 Bow Saw
26:37 Gold Mining
27:23 Wheelbarrow
28:38 Heavy Plow
31:02 Fletching
36:53 Bodkin Arrow
42:13 Imperial Age
41:06 Elite Skirmisher
41:10 Crossbowman
Empomagic
2:19 Loom
15:15 Feudal Age
15:42 Horse Collar
22:13 Castle Age
20:14 Stone Mining
20:18 Gold Mining
21:57 Double-Bit Axe
23:21 Bow Saw
23:48 Heavy Plow
26:43 Gold Shaft Mining
27:47 Fletching
30:13 Wheelbarrow
32:14 Bodkin Arrow
32:19 Padded Archer Armor
33:15 Stone Shaft Mining
32:55 Bloodlines
32:46 Husbandry
33:38 Crossbowman
38:23 Imperial Age
37:08 Hand Cart
37:15 Leather Archer Armor
37:36 Thumb Ring
38:39 Fortified Wall
38:51 Ballistics
39:52 Arbalester
Mackem Mover16
10:58 Feudal Age
11:25 Horse Collar
11:42 Double-Bit Axe
18:16 Castle Age
17:31 Gold Mining
17:32 Stone Mining
24:03 Imperial Age
25:13 Wheelbarrow
28:49 Hand Cart
29:28 Forging
29:18 Scale Mail Armor
29:25 Scale Barding Armor
29:10 Fletching
29:21 Padded Archer Armor
29:46 Ballistics
30:09 Bow Saw
32:03 Heavy Camel Rider
32:44 Husbandry
32:19 Pikeman
32:45 Gambesons
33:01 Squires
32:24 Elite Skirmisher
34:48 Thumb Ring
35:23 Iron Casting
35:04 Chain Mail Armor
35:09 Chain Barding Armor
34:45 Bodkin Arrow
36:10 Heavy Plow
36:50 Gold Shaft Mining
36:58 Conscription
36:14 Elite Varangian Guard
36:26 Elite Varangian Guard
38:47 Logistica
39:50 Plate Mail Armor
42:00 Chemistry
Myrakaru
0:28 Loom
14:18 Feudal Age
15:19 Horse Collar
20:35 Gold Mining
20:39 Double-Bit Axe
23:01 Castle Age
20:53 Fletching
21:05 Padded Archer Armor
22:36 Wheelbarrow
24:01 Heavy Plow
24:16 Bow Saw
24:03 Bodkin Arrow
24:28 Leather Archer Armor
28:36 Thumb Ring
30:54 Ballistics
30:30 Murder Holes
30:54 Hand Cart
31:28 Medical Corps
36:10 Imperial Age
36:34 Elite Elephant Archer
38:31 Chemistry
37:33 Bracer
38:03 Ring Archer Armor
38:36 Two-Man Saw
38:27 Elite Skirmisher
Connection lost

Rejoining the realm…

Still unreachable

The connection could not be restored.

Session expired

The server has moved on; the page needs a fresh start.